 Dungeon Crawl Stone Soup version 0.17.2-1-ge4368a0 (webtiles) character file.

254090 jacquesderrida the Brawler (level 19, -9/137 HPs)
             Began as a Vine Stalker Wanderer on Sept 30, 2016.
             Was the Champion of Cheibriados.
             Killed by the air
             ... invoked by a blizzard demon
             ... summoned by a deep elf demonologist
              (15 damage)
             ... on level 5 of the Vaults.
             The game lasted 02:25:34 (16547 turns).

jacquesderrida the Brawler (Vine Stalker Wanderer) Turns: 16547, Time: 02:25:34

Health: -9/137     AC: 33    Str: 37    XL:     19   Next: 74%
Magic:  0/34       EV: 30    Int: 27    God:    Cheibriados [******]
Gold:   758        SH:  9    Dex: 30    Spells: 8 memorised, 12 levels left

rFire  + . .     SeeInvis .       - Unarmed
rCold  . . .     Clarity  .     (armour currently unavailable)
rNeg   + . .     SustAt   .     y - +2 buckler {AC+3}
rPois  ∞         Gourm    .     x - +2 helmet
rElec  +         Spirit   +     z - +2 cloak {rF+}
rCorr  .         Warding  .     (gloves currently unavailable)
rMut   .         Stasis   .     (boots currently unavailable)
MR     +++..                    (no amulet)
Stlth  ++........               m - ring of protection from magic
                                U - +4 ring of evasion

@: about to teleport, statue-form, studying Fighting, very slow, extremely
resistant to hostile enchantments, unstealthy
A: fangs 3, regeneration 3, magic shield, antimagic bite, no device heal 3, rot
immunity
a: End Transformation, Bend Time, Temporal Distortion, Slouch, Step From Time,
Renounce Religion
}: 2/15 runes: decaying, gossamer


You were on level 5 of the Vaults.
You worshipped Cheibriados.
Cheibriados was exalted by your worship.
You were full.
You were a stone statue.
You visited 7 branches of the dungeon, and saw 43 of its levels.
You also visited: Ossuary, Ice Cave and Volcano.

You collected 4094 gold pieces.
You spent 3336 gold pieces at shops.

Inventory:

Hand Weapons
 J - the +6 trident of Doom {pierce, *Rage Int+8 Dex-2 SInv}
   (You found it on level 9 of the Dungeon)

   It inflicts extra damage upon your enemies.
   It affects your intelligence (+8).
   It affects your dexterity (-2).
   It lets you see invisible.
   It may make you go berserk in combat.
Armour
 v - a +2 troll leather armour (melded)
 x - a +2 helmet (worn)
 y - a +2 buckler of protection (worn)
 z - a +2 cloak of fire resistance (worn)
 D - the +3 pair of gauntlets of War (melded) {Slay+5}
   (You found it on level 3 of the Elven Halls)

   It affects your accuracy and damage with ranged weapons and melee attacks
   (+5).
 F - a +0 pair of boots (melded)
 T - the +8 chain mail "Jesiw" {rElec rPois MR- Dex+6}
   (You found it on level 5 of the Lair of Beasts)

   It affects your dexterity (+6).
   It insulates you from electricity.
   It protects you from poison.
   It affects your resistance to hostile enchantments.
Magical Staves
 a - an uncursed staff of wizardry
Jewellery
 m - a ring of protection from magic (right hand)
 o - an uncursed ring of ice
 s - an uncursed ring of protection from fire
 C - an uncursed amulet of stasis
 U - a +4 ring of evasion (left hand)
Wands
 d - a wand of paralysis (11)
 r - a wand of digging (2)
 E - a wand of teleportation (6)
 I - a wand of disintegration (3)
 K - a wand of disintegration (15)
Scrolls
 e - 2 scrolls of magic mapping
 i - 3 scrolls of fear
 t - 2 scrolls of immolation
 u - 4 scrolls of enchant armour
 w - a scroll of holy word
 G - 4 scrolls of fog
 M - a scroll of teleportation
 O - 2 scrolls of identify
 P - 7 scrolls of remove curse
 W - 3 scrolls of recharging
Potions
 h - 2 potions of resistance
 k - 5 potions of invisibility
 n - 2 potions of might
 L - 2 potions of flight
 X - 2 potions of agility
 Y - 6 potions of curing
Books
 c - a manual of Fighting
Miscellaneous
 l - 2 phantom mirrors
 A - an ornate deck of summoning {drawn: 4}
 H - a fan of gales
 V - a phial of floods
 Z - a lamp of fire
Comestibles
 b - 4 meat rations
 p - 9 bread rations


   Skills:
 + Level 14.2 Fighting
   Level 1.0 Bows
 - Level 1.0 Throwing
 - Level 1.5 Armour
 + Level 11.1 Dodging
 - Level 5.6 Shields
 + Level 15.1 Unarmed Combat
 - Level 10.0 Spellcasting
 - Level 1.0 Hexes
 - Level 2.5 Charms
 - Level 2.0 Necromancy
 + Level 9.0 Translocations
 - Level 12.0 Transmutations
 + Level 13.1 Earth Magic
 - Level 9.2 Invocations
 - Level 5.7 Evocations


You had 12 spell levels left.
You knew the following spells:

 Your Spells              Type           Power        Failure   Level  Hunger
a - Statue Form           Trmt/Erth      ######...    4%          6    #####..
b - Blink                 Tloc           N/A          1%          2    None
c - Passwall              Trmt/Erth      ######....   1%          3    None
d - Silence               Hex/Air        ###.......   87%         5    ####...
m - Repel Missiles        Chrm/Air       ###...       4%          2    None
p - Passage of Golubria   Tloc           N/A          1%          4    None
r - Regeneration          Chrm/Necr      ####......   6%          3    None
z - Apportation           Tloc           ######....   1%          1    None


Dungeon Overview and Level Annotations

Branches:
Dungeon (15/15)              Lair (8/8) D:10          Swamp (4/4) Lair:4
 Spider (4/4) Lair:5          Orc (4/4) D:10            Elf (3/3) Orc:4
 Vaults (5/5) D:13
 Temple: D:4-7        Slime: Lair:6-8     Crypt: Vaults:2-3  Depths: D:15

Altars:
Ashenzari
Cheibriados
Elyvilon
Kikubaaqudgha
Makhleb
Nemelex Xobeh
Qazlal
Ru
Trog
Vehumet
Beogh
Lugonu

Shops:
D:4 }   D:8 ?   D:14 }   D:15 :   Orc:4 (:?}   Elf:1 %   Elf:3 }   Vaults:1 [

Annotations:
D:7 Menkaure
D:10 LAIR
Swamp:4 Louise
Elf:2 3 runed doors
Vaults:4 Aizul


Innate Abilities, Weirdness & Mutations

You have razor-sharp teeth.
You regenerate.
When hurt, damage is shared between your health and your magic reserves.
Your bite disrupts and absorbs the magic of your enemies.
Potions and wands cannot restore your health.
You are immune to rotting.


Message History

The deep elf demonologist gestures wildly while chanting.
The deep elf demonologist hits you but does no damage.
A vault warden comes into view.
It is wielding a long sword of electrocution.
Unknown command.
Evoke which item? (* to show all) (? for menu, Esc to quit)
Zapping:
E - a wand of teleportation (7)
Press: ? - help, Shift-Dir - straight line, f - you You feel strangely unstable.
This wand has 6 charges left.
The deep elf demonologist gestures wildly while chanting.
The blizzard demon waves its arms in wide circles.
The air twists around and strikes you!
The titan waves its arms in wide circles.
The air twists around and strikes you!
* * * LOW HITPOINT WARNING * * *
Casting: Statue Form
Confirm with . or Enter, or press ? or * to list all spells.
You blink.
The blizzard demon waves its arms in wide circles.
The air twists around and strikes you!
You die...

..#.... ....%. .).)###
[%...%% Q)%%... [<...%.
<[Q.%..
(DCC####################
pppCX%DpXC29.e2.8.T....N
oC#DC##(###p###.###.###.
(.#.## .# # #.# ).# C#
#. p%# .p .. ..# .. #.
.## .. .# ##


You could see a titan, a vault warden, a reaper, a salamander stormcaller, a
blizzard demon, a deep troll (fleeing), a deep elf demonologist and a war
gargoyle.

Vanquished Creatures
  Rupert (D:12)
  A titan (Vaults:5)
  2 deep elf master archers (Elf:3)
  2 deep elf blademasters (Elf:3)
  A sphinx (Vaults:5)
  A thorn hunter (Swamp:2)
  A frost giant (Vaults:3)
  A fire giant (Vaults:5)
  Donald (Orc:4)
  A vault warden (Vaults:2)
  5 ghost moths (Spider:4)
  7 deep elf sorcerers
  7 emperor scorpions
  A ghoul (Swamp:3)
  A large abomination (Elf:3)
  A very ugly thing (Swamp:2)
  A stone giant (Vaults:3)
  A war gargoyle (Vaults:5)
  5 deep elf demonologists
  9 deep elf annihilators (Elf:3)
  A small abomination (Vaults:1)
  A salamander stormcaller (Vaults:5)
  3 deep elf death magi
  A fire dragon (Vaults:1)
  Josephine (D:14)
  30 vault guards
  3 deep elf high priests
  5 yaktaur captains
  A rakshasa (Vaults:1)
  19 hydras
  4 centaur warriors
  2 entropy weavers
  A ghost crab (Swamp:3)
  A dancing weapon (Elf:2)
  7 ogre magi
  A tengu warrior (D:13)
  13 death yaks
  A queen ant (Lair:3)
  The ghost of jacquesderrida the Grappler, a journeyman VSWn of Cheibriados (D:12)
  4 alligators
  Sonja (D:15)
  Nergalle (Orc:4)
  2 deep elf knights
  An ice devil (IceCv)
  A deep elf summoner (Elf:3)
  2 wizards
  3 hill giants
  5 ironbrand convokers
  2 spriggan druids
  3 unseen horrors
  An unseen horror (shapeshifter) (Vaults:5)
  11 swamp dragons
  3 shambling mangroves
  4 deep elf conjurers
  A phantasmal warrior (Vaults:5)
  A griffon (Lair:6)
  9 wolf spiders
  8 orc sorcerers (Orc:4)
  13 ugly things
  3 orb spiders
  3 orc knights
  2 hornets
  A cyclops (D:13)
  A manticore (D:13)
  2 moths of wrath
  21 elephants
  An eye of devastation (Orc:4)
  6 black mambas
  Joseph (D:10)
  8 vault sentinels
  25 spiny frogs
  2 efreet (D:15)
  2 gargoyles
  2 kobold demonologists
  3 torpor snails
  5 komodo dragons
  A yaktaur (shapeshifter) (Vaults:3)
  4 demonic crawlers
  15 yaktaurs
  4 fire drakes
  10 trolls
  11 jumping spiders
  10 giant leeches
  15 slime creatures
  2 freezing wraiths (Vaults:2)
  11 deep elf priests
  8 blue devils (IceCv)
  A polar bear (Lair:6)
  26 blink frogs
  10 two-headed ogres
  2 boulder beetles (Vaults:2)
  A fire giant simulacrum (Vaults:2)
  8 trapdoor spiders
  16 bog bodies
  A spriggan (Swamp:2)
  6 tarantellas
  37 yaks
  25 redbacks
  2 shadows
  A hog (shapeshifter) (Elf:1)
  5 deep elf magi
  A wyvern (D:14)
  9 soldier ants
  2 basilisks
  7 hippogriffs
  2 steam dragons
  8 wraiths
  16 deep elf fighters
  A human (shapeshifter) (D:15)
  2 hungry ghosts (D:15)
  17 vampire mosquitoes
  3 insubstantial wisps (Lair:4)
  2 mottled dragons
  7 porcupines
  5 wargs
  9 swamp worms
  4 ice beasts
  A black bear (shapeshifter) (D:15)
  25 ogres
  8 wasps
  8 water moccasins
  15 orc warriors
  2 phantoms
  3 sky beasts
  3 spiders (Spider:1)
  10 centaurs
  An eye of draining (D:14)
  2 black bears
  4 necrophages (Swamp:3)
  5 swamp drakes
  3 boggarts (D:14)
  A big kobold (D:12)
  12 crocodiles
  35 giant frogs
  A wyvern zombie (D:7)
  A water moccasin zombie (Ossuary)
  A wyvern skeleton (D:8)
  9 killer bees
  A scorpion (D:6)
  27 wights
  13 electric eels
  4 hounds
  4 crimson imps
  A centaur zombie (D:12)
  A giant frog skeleton (D:12)
  6 centaur skeletons
  23 orc priests
  7 jellies
  2 giant frog zombies
  11 iguanas
  36 worker ants
  44 orc wizards
  11 sheep
  2 big kobold zombies (Ossuary)
  A hound skeleton (D:4)
  2 mummies (Ossuary)
  6 adders
  6 gnolls
  28 river rats
  A shadow imp (D:8)
  24 white imps
  4 adder zombies (Ossuary)
  4 giant geckos
  176 orcs
  A bat (D:2)
  A giant cockroach (D:3)
  A gnoll zombie (Ossuary)
  3 goblins
  6 hobgoblins
  3 jackals (D:4)
  9 kobolds
  4 quokkas
  7 giant newts
  3 hobgoblin zombies (Ossuary)
  A jackal skeleton (D:4)
  9 kobold zombies (Ossuary)
  9 orc zombies (Ossuary)
  3 rats
  2 briar patches (Swamp:2)
  A bush (Lair:3)
1295 creatures vanquished.

Vanquished Creatures (collateral kills)
  Erolcha (Orc:4)
  4 orb spiders (Spider:4)
  2 trapdoor spiders (Spider:4)
  A tarantella (Spider:4)
  A swamp drake (Swamp:4)
  A water moccasin (Lair:1)
  An ogre (Orc:4)
  A giant frog (Lair:1)
  An orc wizard (Orc:4)
  A fungus (Lair:8)
14 creatures vanquished.

Vanquished Creatures (others)
  A vault guard (Vaults:5)
  A shadow wraith (Vaults:5)
  2 yaktaurs (Vaults:5)
  An ogre (Vaults:3)
  An orc wizard (Orc:4)
  An adder (D:10)
  5 ufetubi (IceCv)
  A briar patch (Swamp:2)
  A bush (D:15)
  8 fungi
  4 plants (Lair:8)
26 creatures vanquished.

Grand Total: 1335 creatures vanquished

Notes
Turn   | Place    | Note
--------------------------------------------------------------
     0 | D:1      | jacquesderrida the Vine Stalker Wanderer began the quest for the Orb.
     0 | D:1      | jacquesderrida set off with: a book of Minor Magic, a +0 mace, the Disquisition on Unholy Secrets, a +0 robe, a bread ration
     0 | D:1      | Reached XP level 1. HP: 9/9 MP: 4/4
    61 | D:2      | Found a snail-covered altar of Cheibriados.
    94 | D:2      | Reached skill level 1 in Unarmed Combat
   115 | D:2      | Found a bloodstained altar of Trog.
   160 | D:2      | Reached XP level 2. HP: 12/14 MP: 6/6
   357 | D:3      | Reached skill level 1 in Fighting
   451 | D:3      | Reached XP level 3. HP: 15/18 MP: 5/7
   477 | D:2      | Found a stormy altar of Qazlal.
   489 | D:2      | Became a worshipper of Cheibriados the Contemplative
   717 | D:4      | Reached XP level 4. HP: 19/22 MP: 8/8
   810 | D:3      | Found a burning altar of Makhleb.
   894 | D:4      | Reached skill level 3 in Unarmed Combat
   975 | D:4      | Reached XP level 5. HP: 14/26 MP: 7/9
   978 | D:4      | Reached * piety under Cheibriados
  1027 | D:4      | Identified the Disquisition on Unholy Secrets
  1038 | D:4      | Reached skill level 4 in Unarmed Combat
  1132 | D:4      | Found Lour's Gadget Shoppe.
  1154 | D:4      | Gained mutation: You heal very quickly. [Vine Stalker growth]
  1154 | D:4      | Reached XP level 6. HP: 30/32 MP: 10/10
  1174 | D:5      | Entered Level 5 of the Dungeon
  1245 | D:6      | Found a sand-covered staircase.
  1250 | Ossuary  | Entered an ossuary
  1277 | Ossuary  | Reached skill level 5 in Unarmed Combat
  1301 | Ossuary  | Reached ** piety under Cheibriados
  1395 | Ossuary  | Reached skill level 1 in Dodging
  1523 | D:6      | Reached XP level 7. HP: 30/36 MP: 11/11
  1589 | D:5      | Found a sacrificial altar of Ru.
  1702 | D:5      | YOLO
  1973 | D:7      | Noticed Menkaure
  2168 | D:7      | Reached skill level 6 in Unarmed Combat
  2170 | D:7      | Gained mutation: You have razor-sharp teeth. [Vine Stalker growth]
  2170 | D:7      | Reached XP level 8. HP: 14/42 MP: 12/12
  2171 | D:7      | Identified a scroll of acquirement
  2230 | D:7      | Found a white marble altar of Elyvilon.
  2258 | D:7      | Reached *** piety under Cheibriados
  2549 | D:9      | Reached skill level 1 in Invocations
  2580 | D:9      | Reached skill level 5 in Fighting
  2592 | D:8      | Found Myxzyid's Magic Scroll Shoppe.
  2597 | D:8      | Bought a scroll of teleportation for 36 gold pieces
  2597 | D:8      | Bought a scroll of magic mapping for 42 gold pieces
  2597 | D:8      | Bought a scroll of identify for 24 gold pieces
  2597 | D:8      | Bought a scroll of identify for 24 gold pieces
  2597 | D:8      | Bought a scroll of identify for 24 gold pieces
  2635 | D:9      | Noticed a troll
  2645 | D:9      | Killed a troll
  2645 | D:9      | Reached skill level 7 in Unarmed Combat
  2672 | D:9      | Reached XP level 9. HP: 45/47 MP: 13/13
  2745 | D:9      | Got a pitted trident
  2746 | D:9      | Identified the +6 trident of Doom {pierce, *Rage Int+8 Dex-2 SInv} (You found it on level 9 of the Dungeon)
  2762 | D:9      | Found a shattered altar of Ashenzari.
  2822 | D:9      | Reached **** piety under Cheibriados
  2988 | D:10     | Entered Level 10 of the Dungeon
  3138 | D:10     | Noticed Joseph
  3155 | D:10     | Killed Joseph
  3155 | D:10     | Reached skill level 1 in Shields
  3155 | D:10     | Reached skill level 8 in Unarmed Combat
  3227 | D:11     | Reached XP level 10. HP: 49/53 MP: 14/14
  3292 | D:11     | Reached ***** piety under Cheibriados
  3300 | D:11     | Reached skill level 9 in Unarmed Combat
  3304 | D:11     | Noticed a kobold demonologist
  3305 | D:11     | Noticed an ice devil
  3306 | D:11     | Killed a kobold demonologist
  3752 | D:12     | Noticed Rupert
  3820 | D:10     | Noticed an unseen horror
  3824 | D:10     | Killed an unseen horror
  3824 | D:10     | Reached skill level 5 in Shields
  3906 | D:10     | Noticed a komodo dragon
  3913 | D:10     | Killed a komodo dragon
  3913 | D:10     | Reached skill level 10 in Unarmed Combat
  3913 | D:10     | Reached XP level 11. HP: 43/60 MP: 15/15
  3990 | D:10     | Found a staircase to the Lair.
  3995 | Lair:1   | Entered Level 1 of the Lair of Beasts
  3995 | Lair:1   | Noticed a seven-headed hydra
  4027 | Lair:1   | Found a frozen archway.
  4076 | IceCv    | Entered an ice cave
  4340 | IceCv    | Noticed an ice devil
  4345 | IceCv    | Reached skill level 5 in Dodging
  4346 | IceCv    | Killed an ice devil
  4548 | IceCv    | HP: 2/60 [something (8)]
  4712 | Lair:2   | Reached skill level 5 in Invocations
  4855 | Lair:3   | Learned a level 2 spell: Blink
  4858 | Lair:3   | Learned a level 2 spell: Repel Missiles
  5036 | Lair:4   | Reached skill level 11 in Unarmed Combat
  5036 | Lair:4   | Gained mutation: You regenerate. [Vine Stalker growth]
  5036 | Lair:4   | Reached XP level 12. HP: 16/67 MP: 5/17
  5084 | Lair:3   | Noticed a four-headed hydra
  5091 | Lair:3   | Killed a four-headed hydra
  5315 | Lair:5   | Reached skill level 10 in Fighting
  5321 | Lair:5   | Noticed a death yak
  5321 | Lair:5   | Noticed a death yak
  5328 | Lair:5   | Killed a death yak
  5333 | Lair:5   | Killed a death yak
  5344 | Lair:5   | Noticed a death yak
  5354 | Lair:5   | Killed a death yak
  5453 | Lair:5   | Got a steaming chain mail
  5467 | Lair:5   | Identified the +8 chain mail "Jesiw" {rElec rPois MR- Dex+6} (You found it on level 5 of the Lair of Beasts)
  5510 | Lair:5   | Noticed an eight-headed hydra
  5515 | Lair:5   | Killed an eight-headed hydra
  5557 | Lair:5   | Found a hole to the Spider Nest.
  5678 | Lair:6   | Noticed a death yak
  5678 | Lair:6   | Noticed a death yak
  5696 | Lair:6   | Noticed a death yak
  5698 | Lair:6   | Noticed a death yak
  5707 | Lair:6   | Killed a death yak
  5716 | Lair:6   | Killed a death yak
  5716 | Lair:6   | Reached skill level 12 in Unarmed Combat
  5716 | Lair:6   | Reached XP level 13. HP: 58/72 MP: 19/19
  5721 | Lair:6   | Killed a death yak
  5724 | Lair:6   | Killed a death yak
  6011 | Lair:7   | Reached ****** piety under Cheibriados
  6158 | Lair:8   | Entered Level 8 of the Lair of Beasts
  6339 | Lair:8   | Found a dark tunnel.
  6349 | Volcano  | Entered a volcano
  6552 | Lair:8   | Reached XP level 14. HP: 79/79 MP: 21/21
  6554 | Lair:8   | Reached skill level 13 in Unarmed Combat
  6967 | Lair:4   | Found a staircase to the Swamp.
  7004 | Lair:2   | Found a sparkling altar of Nemelex Xobeh.
  7107 | Lair:1   | Killed a seven-headed hydra
  7453 | D:12     | Noticed jacquesderrida's ghost (journeyman VSWn)
  7470 | D:12     | Killed jacquesderrida's ghost
  7504 | D:12     | Noticed a hill giant
  7508 | D:12     | Killed a hill giant
  7546 | D:12     | Noticed a white ugly thing
  7554 | D:12     | Killed a white ugly thing
  7607 | D:12     | Noticed a green ugly thing
  7612 | D:12     | Killed a green ugly thing
  7926 | D:11     | Noticed a hill giant
  7931 | D:11     | Killed a hill giant
  8343 | D:4      | Bought a wand of teleportation (3) for 294 gold pieces
  8464 | D:10     | Noticed an unseen horror
  8469 | D:10     | Killed an unseen horror
  8486 | D:10     | Found a staircase to the Orcish Mines.
  8512 | Orc:1    | Entered Level 1 of the Orcish Mines
  8530 | Orc:1    | Reached skill level 5 in Evocations
  8742 | Orc:4    | Entered Level 4 of the Orcish Mines
  8759 | Orc:4    | Found a staircase to the Elven Halls.
  9019 | Orc:4    | Noticed Nessos
  9030 | Orc:4    | Noticed Nessos
  9030 | Orc:4    | Nessos changed into Nessos the eye of devastation
  9040 | Orc:4    | Killed Nessos the eye of devastation
  9104 | Orc:4    | Noticed Donald
  9122 | Orc:4    | Killed Donald
  9122 | Orc:4    | Reached XP level 15. HP: 77/85 MP: 22/22
  9129 | Orc:4    | Reached skill level 14 in Unarmed Combat
  9169 | Orc:4    | Found an ancient bone altar of Kikubaaqudgha.
  9170 | Orc:4    | Noticed Nergalle
  9198 | Orc:4    | Killed Nergalle
  9210 | Orc:4    | Found Mippea's Book Boutique.
  9222 | Orc:4    | Found a roughly hewn altar of Beogh.
  9231 | Orc:4    | Noticed Erolcha
  9240 | Orc:4    | Killed Erolcha
  9257 | Orc:4    | Bought a book of the Earth for 780 gold pieces
  9266 | Orc:4    | Learned a level 6 spell: Statue Form
  9274 | Orc:4    | Found a radiant altar of Vehumet.
  9282 | Orc:4    | Found Furrir's Magic Scroll Boutique.
  9317 | Orc:4    | Reached skill level 1 in Translocations
  9330 | Orc:4    | Reached skill level 1 in Earth Magic
  9343 | Orc:4    | Paralysed by an orc sorcerer for 3 turns
  9358 | Orc:4    | Found Voshak's Gadget Shop.
  9360 | Orc:4    | Bought a scroll of identify for 28 gold pieces
  9360 | Orc:4    | Bought a scroll of teleportation for 42 gold pieces
  9363 | Orc:4    | Bought a scroll of identify for 28 gold pieces
  9374 | Orc:4    | Bought a wand of disintegration (18) for 286 gold pieces
  9403 | Orc:4    | Found Zuzamumn's Antique Weapon Shop.
  9427 | Orc:4    | Reached skill level 1 in Transmutations
 10134 | D:14     | Noticed Josephine
 10140 | D:14     | Killed Josephine
 10288 | D:14     | Found Ekhlinorph's Quality Used Wands.
 10311 | D:15     | Entered Level 15 of the Dungeon
 10467 | D:15     | Noticed Sonja
 10531 | D:15     | Reached skill level 5 in Spellcasting
 10575 | D:15     | Found a corrupted altar of Lugonu.
 10583 | D:15     | Found Xod Valibrit's Book Emporium.
 10936 | Lair:1   | Learned a level 3 spell: Passwall
 10942 | Lair:1   | Learned a level 5 spell: Silence
 11000 | Lair:3   | Reached skill level 5 in Transmutations
 11006 | Lair:3   | Reached skill level 5 in Earth Magic
 11025 | Lair:3   | Noticed a queen ant
 11042 | Lair:3   | Killed a queen ant
 11197 | Swamp:1  | Entered Level 1 of the Swamp
 11372 | Swamp:2  | Reached XP level 16. HP: 82/90 MP: 24/26
 11588 | Swamp:4  | Entered Level 4 of the Swamp
 11630 | Swamp:4  | Noticed Louise
 11837 | Swamp:4  | Got a decaying rune of Zot
 12086 | Swamp:2  | Noticed a thorn hunter
 12095 | Swamp:2  | Killed a thorn hunter
 12560 | Lair:3   | Noticed a four-headed hydra
 12565 | Lair:3   | Killed a four-headed hydra
 12649 | Spider:1 | Entered Level 1 of the Spider Nest
 12702 | Spider:1 | Got a slimy crystal plate armour
 12713 | Spider:1 | Identified the +0 crystal plate armour "Hiklunig" {+Fly rN+ Str+2 Stlth+} (You acquired it on level 1 of the Spider Nest)
 12957 | Spider:3 | Reached XP level 17. HP: 87/94 MP: 28/31
 13115 | Spider:4 | Entered Level 4 of the Spider Nest
 13304 | Spider:4 | Reached skill level 10 in Spellcasting
 13307 | Spider:4 | Reached skill level 10 in Transmutations
 13324 | Spider:4 | Reached skill level 10 in Earth Magic
 13450 | Spider:4 | Reached skill level 1 in Charms
 13537 | Spider:4 | Got a gossamer rune of Zot
 13789 | Lair:1   | Learned a level 4 spell: Passage of Golubria
 13955 | Elf:1    | Entered Level 1 of the Elven Halls
 14175 | Elf:2    | Found a runed gate.
 14175 | Elf:2    | Found a runed gate.
 14176 | Elf:2    | Found a runed gate.
 14288 | Elf:3    | Entered Level 3 of the Elven Halls
 14324 | Elf:3    | Noticed a deep elf blademaster
 14325 | Elf:3    | Killed a deep elf blademaster
 14330 | Elf:3    | Noticed a deep elf blademaster
 14333 | Elf:3    | Killed a deep elf blademaster
 14348 | Elf:3    | Noticed a deep elf master archer
 14349 | Elf:3    | Killed a deep elf master archer
 14361 | Elf:3    | Reached XP level 18. HP: 89/99 MP: 30/33
 14364 | Elf:3    | Noticed a deep elf master archer
 14365 | Elf:3    | Killed a deep elf master archer
 14375 | Elf:3    | Reached skill level 5 in Translocations
 14532 | Elf:3    | Learned a level 1 spell: Apportation
 14625 | Elf:3    | Learned a level 3 spell: Regeneration
 14852 | Elf:3    | Found Doisseul's Gadget Shop.
 15018 | Elf:1    | Found Wisual's Food Emporium.
 15167 | D:12     | Killed Rupert
 15229 | D:13     | Found a gate to the Vaults.
 15235 | D:13     | Reached skill level 10 in Dodging
 15268 | Vaults:1 | Entered Level 1 of the Vaults
 15419 | D:15     | Killed Sonja
 15450 | D:15     | Bought a manual of Fighting for 1435 gold pieces
 15631 | Vaults:1 | Found Qajon's Antique Armour Boutique.
 15637 | Vaults:1 | Bought a translucent buckler for 199 gold pieces
 15647 | Vaults:1 | Identified the cursed -5 buckler of True Grit {*Drain Regen+ MP-9 Dex+8} (You bought it in a shop on level 1 of the Vaults)
 15647 | Vaults:1 | Bought a runed helmet for 94 gold pieces
 16209 | Vaults:2 | Reached XP level 19. HP: 104/104 MP: 28/34
 16229 | Vaults:2 | EBANY ROT
 16434 | Vaults:4 | Noticed Aizul
 16469 | Vaults:5 | Entered Level 5 of the Vaults
 16476 | Vaults:5 | Reached skill level 15 in Unarmed Combat
 16546 | Vaults:5 | HP: 5/137 [titan/the air (17)]
 16547 | Vaults:5 | Killed from afar by a blizzard demon

Action                   |  1- 3 |  4- 6 |  7- 9 | 10-12 | 13-15 | 16-18 | 19-21 || total
-------------------------+-------+-------+-------+-------+-------+-------+-------++-------
Melee: Mace              |    26 |       |       |       |       |       |       ||    26
       Rapier            |    29 |       |       |       |       |       |       ||    29
       Unarmed           |    47 |   206 |   225 |   484 |  1363 |   858 |    89 ||  3272
       Trident           |       |       |       |     2 |     3 |     2 |       ||     7
 Cast: Repel Missiles    |       |       |       |     1 |     3 |     5 |     2 ||    11
       Statue Form       |       |       |       |       |       |    45 |     7 ||    52
       Apportation       |       |       |       |       |       |    29 |     1 ||    30
       Regeneration      |       |       |       |       |       |     3 |     4 ||     7
       Blink             |       |       |       |       |       |       |     1 ||     1
Invok: Slouch            |       |       |       |     7 |     2 |     4 |     3 ||    16
       Bend Time         |       |       |       |     2 |     1 |       |       ||     3
Evoke: Wand              |       |     1 |    12 |    17 |    18 |     9 |     1 ||    58
       Box of beasts     |       |       |       |     2 |       |       |       ||     2
       Deck              |       |       |       |       |     2 |     2 |       ||     4
       Phial of floods   |       |       |       |       |     2 |     3 |       ||     5
  Use: Potion            |       |     2 |       |     5 |       |       |     4 ||    11
       Scroll            |       |     3 |    12 |    10 |    13 |    17 |     5 ||    60
 Stab: Distracted        |       |       |       |       |       |     6 |       ||     6
       Sleeping          |       |       |       |       |       |     3 |     1 ||     4
  Eat: Chunk             |       |     2 |     3 |     6 |     4 |    13 |     2 ||    30
       Pizza             |       |       |       |     1 |       |     3 |       ||     4
       Bread ration      |       |       |       |       |     1 |       |       ||     1
       Fruit             |       |       |       |       |     9 |       |       ||     9
       Beef jerky        |       |       |       |       |     2 |     6 |     1 ||     9
       Meat ration       |       |       |       |       |       |       |     1 ||     1
